 Dungeon Crawl Stone Soup version 0.17-a0-1778-gd369669 (webtiles) character file.

7826 abixa the Grappler (level 11, 0/95 HPs)
             Began as a Ghoul Monk on Sept 8, 2015.
             Was a High Priest of Okawaru.
             Slain by a vault guard
             ... wielding a +0 great sword
              (11 damage)
             ... on level 12 of the Dungeon.
             The game lasted 00:46:19 (11571 turns).

abixa the Grappler (Ghoul Monk)                    Turns: 11571, Time: 00:46:19

Health: 0/95       AC: 14    Str: 16    XL:     11   Next: 21%
Magic:  12/12      EV: 14    Int:  5    God:    Okawaru [*****.]
Gold:   377        SH:  0    Dex: 14    Spells: 0 memorised, 10 levels left

rFire  + . .     SeeInvis .       - Unarmed
rCold  + . .     Clarity  .     D - +3 ring mail {rPois}
rNeg   + + +     SustAt   .     (no shield)
rPois  ∞         Gourm    .     I - +0 helmet
rElec  .         Spirit   .     z - +1 cloak
rCorr  +         Warding  .     w - +0 pair of gloves
rMut   .         Stasis   .     u - +0 pair of boots
MR     .....                    V - amulet of resist corrosion
Stlth  ++........               B - ring of stealth
                                A - ring of protection from fire

@: rotting, not resistant to hostile enchantments, unstealthy
A: rotting body, claws 1, carnivore 3, cold resistance 1, negative energy
resistance 3, slow healing 1, torment resistance, unbreathing
a: Heroism, Finesse, Renounce Religion


You were on level 12 of the Dungeon.
You worshipped Okawaru.
Okawaru was extremely pleased with you.
You were not hungry.

You visited 2 branches of the dungeon, and saw 13 of its levels.
You also visited: Bailey.

You collected 569 gold pieces.
You spent 192 gold pieces at shops.

Inventory:

Hand weapons
 a - a +0 arbalest
 i - the +9 lajatang "Lutuoj" {drain, Str+2 Int+4, unknown}
   (You found it on level 10 of the Dungeon)

   A truly terrible weapon, it drains the life of those it strikes.
   It affects your strength (+2).
   It affects your intelligence (+4).
 m - a +0 trident
 n - a +0 hunting sling
 W - a +0 battleaxe
Missiles
 d - 175 stones (quivered)
 e - 292 bolts
 o - 50 sling bullets
 q - 5 tomahawks of returning
 r - 11 tomahawks
 E - 46 poisoned needles
 S - 16 bolts of penetration
 T - 12 bolts of frost
Armour
 k - a +0 cloak
 u - a +0 pair of boots (worn)
 w - a +0 pair of gloves (worn)
 z - a +1 cloak (worn)
 D - a +3 ring mail of poison resistance (worn)
 I - a +0 helmet (worn)
 P - a +0 chain mail of poison resistance
Jewellery
 A - a ring of protection from fire (left hand)
 B - a ring of stealth (right hand)
 F - the ring "Daoca" {rPois SInv}
   (You found it on level 4 of the Dungeon)

   [ring of see invisible]

   It protects you from poison.
   It lets you see invisible.
 U - an uncursed ring of stealth
 V - an amulet of resist corrosion (around neck)
 X - an uncursed amulet of resist mutation
Magical devices
 y - a wand of teleportation (0)
 J - a wand of flame (24)
 Z - a wand of disintegration (11)
Scrolls
 g - a scroll of magic mapping
 h - 4 scrolls of enchant weapon
 j - 5 scrolls of remove curse
 s - 8 scrolls of identify
 C - 3 scrolls of teleportation
 K - 2 scrolls of fog
 L - 2 scrolls of recharging
 N - a scroll of enchant armour {unknown}
 O - 3 scrolls of noise {unknown}
 Y - a scroll of vulnerability {unknown}
Potions
 l - a potion of heal wounds
 p - a potion of brilliance
 v - 2 potions of agility
 G - a potion of berserk rage
 H - 3 potions of curing
 Q - 2 potions of might
Books
 f - a book of Air

   Spells                             Type                      Level
   a - Shock                          Conjuration/Air              1
   b - Swiftness                      Charms/Air                   2
   c - Repel Missiles                 Charms/Air                   2
   d - Static Discharge               Conjuration/Air              3
   e - Lightning Bolt                 Conjuration/Air              5
 R - a book of Beasts

   Spells                             Type                      Level
   a - Summon Butterflies             Summoning                    1
   b - Call Canine Familiar           Summoning                    3
   c - Summon Ice Beast               Ice/Summoning                4
   d - Summon Mana Viper              Hexes/Summoning              5
   e - Summon Hydra                   Summoning                    7
Comestibles
 b - 6 meat rations
 t - a royal jelly
 x - 3 beef jerkies
 M - 8 slices of pizza


   Skills:
 + Level 8.9 Fighting
 - Level 5.0 Axes
 + Level 2.6 Armour
 + Level 6.1 Dodging
 - Level 2.1 Stealth
 + Level 13.2 Unarmed Combat
 + Level 3.0 Invocations
 - Level 1.5 Evocations


You had 10 spell levels left.
You didn't know any spells.

Dungeon Overview and Level Annotations

Branches:
Dungeon (13/15)            Temple (1/1) D:5          Vaults (0/5) D:13
   Lair: D:8-11         Orc: D:9-12

Altars:
Ashenzari
Cheibriados
Dithmenos
Elyvilon
Fedhas
Gozag
Kikubaaqudgha
Makhleb
Nemelex Xobeh
Okawaru
Qazlal
Ru
Sif Muna
Trog
Vehumet
Xom
Yredelemnul
Zin
The Shining One

Shops:
D:8 ?

Annotations:
D:5 2 runed doors


Innate Abilities, Weirdness & Mutations

Your body is rotting away.
You thrive on raw meat.
You are immune to poison.
You have sharp fingernails.
You are carnivorous and can eat meat at any time.
Your flesh is cold resistant.
You are immune to negative energy.
You heal slowly when monsters are visible.
You are immune to unholy pain and torment.
You can survive without breathing.


Message History

Read which item? (? for menu, Esc to quit)
Okay, then.
Unknown command.
Unknown command.
Use which ability?
You fail to use your ability.
The vampire mosquito bites you but does no damage.
The centaur zombie hits you but does no damage.
The orange demon stings you from afar.
* * * LOW HITPOINT WARNING * * *
The vampire mosquito bites you but does no damage.
Cornered, the kobold turns to fight!
Cornered, the big kobold turns to fight!
Cornered, the kobold demonologist turns to fight!
The kobold demonologist mumbles some strange words.
The crimson imp hits you but does no damage.
Cornered, the kobold demonologist turns to fight!
You closely miss the vault guard. The centaur zombie closely misses you.
The vault guard hits you with a great sword!
You die... ##### #KKK#

#K@p#
#Z5y#
#545#
#...#
K.⌠.K
#K...K#
##...##
##.##


You could see a vault guard, an orange demon, 3 kobold demonologists, a vampire
mosquito, 2 big kobolds, an iron imp, 2 crimson imps, a centaur zombie and 3
kobolds.

Vanquished Creatures
  Erolcha (D:10)
  The ghost of abixa the Cleaver, an experienced NaWz of Makhleb (Bailey)
  A hill giant (D:9)
  An orc knight (Bailey)
  The ghost of Alipheese the Grave Robber, an experienced NaNe of Cheibriados (D:5)
  Prince Ribbit (D:6)
  A deep elf mage (D:10)
  A yak (D:7)
  A human (D:7)
  A hippogriff (D:9)
  Menkaure (D:5)
  A water moccasin (D:9)
  5 phantoms
  10 orc warriors
  2 ice beasts
  2 black bears (D:8)
  4 ogres
  A sky beast (D:10)
  An eye of draining (D:10)
  The ghost of gp7 the Poker, an average DsBe of Trog (D:3)
  5 centaurs
  Blork the orc (D:6)
  A giant frog (D:7)
  A water moccasin zombie (D:8)
  3 scorpions
  2 centaur zombies
  8 wights
  A crimson imp (D:5)
  3 hounds
  A gnoll shaman (D:8)
  Crazy Yiuf (D:7)
  5 orc priests
  3 orc wizards
  A wasp zombie (D:9)
  A giant frog skeleton (D:6)
  Natasha (thrice) (D:2)
  An iguana (D:5)
  7 worker ants
  3 sheep (D:7)
  3 hound skeletons
  5 gnolls (D:8)
  11 adders
  A shadow imp (D:5)
  3 worms (D:2)
  47 orcs
  4 ball pythons
  A giant cockroach (D:3)
  3 hobgoblins
  4 jackals
  3 quokkas
  9 bats
  3 giant geckos
  4 giant gecko skeletons
  2 giant newts (D:3)
  10 goblins
  2 jackal skeletons (D:4)
  8 kobolds
  12 rats
224 creatures vanquished.

Notes
Turn   | Place    | Note
--------------------------------------------------------------
     0 | D:1      | abixa the Ghoul Monk began the quest for the Orb.
     0 | D:1      | Reached XP level 1. HP: 19/19 MP: 0/0
   297 | D:1      | Reached XP level 2. HP: 24/24 MP: 1/1
   454 | D:1      | Reached skill level 5 in Unarmed Combat
   734 | D:2      | Found a faded altar to an unknown god.
   794 | D:2      | Reached XP level 3. HP: 31/31 MP: 2/2
  1304 | D:2      | Noticed Natasha
  1311 | D:2      | Killed Natasha
  1311 | D:2      | Reached skill level 6 in Unarmed Combat
  1311 | D:2      | Reached XP level 4. HP: 36/38 MP: 3/3
  1680 | D:3      | Found a sparkling altar of Nemelex Xobeh.
  1680 | D:3      | Found an opulent altar of Gozag.
  1720 | D:3      | HP: 1/38 [kobold/dagger (3)]
  1726 | D:3      | Reached XP level 5. HP: 1/45 MP: 4/4
  1954 | D:3      | Reached skill level 7 in Unarmed Combat
  1991 | D:3      | Noticed gp7's ghost (average DsBe)
  2061 | D:3      | Killed gp7's ghost
  2061 | D:3      | Reached XP level 6. HP: 21/52 MP: 5/5
  2286 | D:2      | Noticed Natasha
  2297 | D:2      | Killed Natasha
  2392 | D:2      | Noticed Natasha
  2403 | D:2      | Killed Natasha
  2996 | D:4      | Reached skill level 8 in Unarmed Combat
  3110 | D:4      | Got a glittering silver ring
  3140 | D:4      | Reached skill level 5 in Fighting
  3140 | D:4      | Reached XP level 7. HP: 30/61 MP: 6/6
  3159 | D:4      | Identified the ring "Daoca" {rPois SInv} (You found it on level 4 of the Dungeon)
  3610 | D:4      | Found a basalt altar of Yredelemnul.
  3697 | D:5      | Entered Level 5 of the Dungeon
  3700 | D:5      | Noticed Menkaure
  3727 | D:5      | Killed Menkaure
  3727 | D:5      | Reached skill level 9 in Unarmed Combat
  3896 | D:5      | Noticed Alipheese's ghost (experienced NaNe)
  3945 | D:5      | Killed Alipheese's ghost
  3945 | D:5      | Reached skill level 10 in Unarmed Combat
  3945 | D:5      | Reached XP level 8. HP: 28/68 MP: 7/7
  4192 | D:5      | Got a smelly leather armour
  4203 | D:5      | Identified the +1 leather armour of Least Resistance {Str+7 Int+2 Dex-2 Slay-3} (You found it on level 5 of the Dungeon)
  4352 | D:5      | Found a shadowy altar of Dithmenos.
  4425 | D:5      | Found a staircase to the Ecumenical Temple.
  4435 | Temple   | Entered the Ecumenical Temple
  4481 | Temple   | Became a worshipper of Warmaster Okawaru
  4481 | Temple   | Acquired Okawaru's first power
  4492 | D:5      | Reached skill level 1 in Evocations
  4871 | D:5      | Found a runed door.
  4893 | D:5      | Found a runed door.
  5061 | D:6      | Noticed Blork the orc
  5228 | D:6      | Reached skill level 11 in Unarmed Combat
  5336 | D:6      | Noticed Prince Ribbit
  5342 | D:6      | Killed Blork the orc
  5342 | D:6      | Reached XP level 9. HP: 58/75 MP: 9/9
  5746 | D:6      | Killed Prince Ribbit
  6134 | D:6      | Found a burning altar of Makhleb.
  6134 | D:6      | Found a blossoming altar of Fedhas.
  6222 | D:7      | Found a flagged portal.
  6255 | Bailey   | Entered a bailey
  7005 | Bailey   | Noticed abixa's ghost (experienced NaWz)
  7021 | Bailey   | Killed abixa's ghost
  7021 | Bailey   | Reached skill level 5 in Dodging
  7443 | Bailey   | Noticed an orc knight
  7633 | Bailey   | Reached skill level 12 in Unarmed Combat
  7829 | Bailey   | Killed an orc knight
  7829 | Bailey   | Reached XP level 10. HP: 40/86 MP: 7/10
  8311 | D:7      | Found a burning altar of Makhleb.
  8515 | D:7      | Reached skill level 1 in Armour
  8719 | D:7      | Noticed Crazy Yiuf
  8729 | D:7      | Killed Crazy Yiuf
  8904 | D:8      | Found Vucuog Hoadgh's Magic Scroll Boutique.
  8935 | D:8      | Bought a scroll of identify for 22 gold pieces
  8935 | D:8      | Bought a scroll of identify for 22 gold pieces
  8935 | D:8      | Bought a scroll of recharging for 104 gold pieces
  8935 | D:8      | Bought a scroll of fog for 22 gold pieces
  8935 | D:8      | Bought a scroll of identify for 22 gold pieces
  9115 | D:8      | Acquired Okawaru's second power
  9132 | D:8      | Found an iron altar of Okawaru.
  9421 | D:8      | Reached skill level 13 in Unarmed Combat
  9810 | D:9      | Found a deep blue altar of Sif Muna.
  9810 | D:9      | Found a glowing golden altar of the Shining One.
 10043 | D:9      | Reached skill level 1 in Axes
 10462 | D:9      | Noticed a hill giant
 10472 | D:9      | Killed a hill giant
 10472 | D:9      | Received a gift from Okawaru
 10512 | D:10     | Entered Level 10 of the Dungeon
 10554 | D:10     | Reached XP level 11. HP: 95/95 MP: 0/11
 10792 | D:10     | Reached skill level 5 in Axes
 10817 | D:10     | Noticed Erolcha
 10823 | D:10     | Killed Erolcha
 11061 | D:10     | Got a crude lajatang
 11532 | D:10     | You fall through a shaft for 3 floors!
 11532 | D:13     | Found a gate to the Vaults.
 11532 | D:13     | Noticed a vault guard
 11532 | D:13     | Noticed a vault guard
 11532 | D:13     | Noticed a vault guard
 11532 | D:13     | Noticed a hill giant
 11532 | D:13     | Noticed a vault guard
 11545 | D:13     | Noticed a hill giant
 11571 | D:12     | Slain by a vault guard

Vault maps used:
D:1:      dpeg_arrival_rooms_b, st_stairs_13
D:2:      ecumenical_altar_2, kennysheep_generic_room_12, uniq_natasha
D:3:      grunt_temple_overflow_opulence
D:4:      lemuel_crystal_altar, first_bread, minmay_misc_feat_chi
D:5:      lemuel_insect_pit, minmay_temple_entry_statues,
          grunt_dithmenos_shadows, uniq_menkaure
D:6:      gammafunk_temple_overflow_wave, hangedman_decor_push,
          uniq_blork_the_orc, uniq_prince_ribbit1
D:7:      basic_altar, enter_bailey_3, grunt_livestock, uniq_crazy_yiuf_cottage
D:8:      serial_shops, shop_scrolls, basic_altar
D:9:      gammafunk_temple_overflow_pools, kennysheep_cross_bottleneck
D:10:     uniq_erolcha
D:12:     grunt_ministairs_14, nrook_mini_vaults
D:13:     lightli_vaults_fourway_checkpoint, fedhas_altar_fruit_tree
Temple:   triangle_lava_temple_12
Bailey:   bailey_polearm_2, bailey

Action                   |  1- 3 |  4- 6 |  7- 9 | 10-12 || total
-------------------------+-------+-------+-------+-------++-------
Melee: Unarmed           |   100 |   157 |   308 |   301 ||   866
       Trident           |       |       |     3 |       ||     3
 Fire: Arbalest          |       |       |    47 |     2 ||    49
       Hunting sling     |       |       |    31 |       ||    31
Throw: Stone             |       |     6 |     9 |     5 ||    20
Invok: Heroism           |       |       |     6 |     1 ||     7
  Use: Scroll            |       |       |    14 |     3 ||    17
       Potion            |       |       |     4 |       ||     4
 Stab: Sleeping          |     5 |       |     7 |     5 ||    17
  Eat: Chunk             |    12 |    17 |    45 |    17 ||    91
